 Dungeon Crawl Stone Soup version 0.31-a0-234-gad7ace16ef (webtiles) character file.

Game seed: 16537221487848928170

292 qw the Shooter (level 6, 0/51 HPs)
             Began as a Minotaur Hexslinger on July 9, 2023.
             Was an Initiate of Okawaru.
             Slain by Duvessa
             ... wielding a +0 short sword
              (7 damage)
             ... on level 3 of the Dungeon.
             The game lasted 00:01:33 (3489 turns).

qw the Shooter (Minotaur Hexslinger)                Turns: 3489, Time: 00:01:33

Health: 0/51       AC:  6    Str: 13    XL:     6   Next: 10%
Magic:  6/6        EV: 11    Int: 10    God:    Okawaru [......]
Gold:   156        SH:  0    Dex: 14    Spells: 6/7 levels left

rFire   + . .        Y - +1 sling
rCold   + . .        (no shield)
rNeg    + . .        e - +0 ring mail
rPois   .            (helmet restricted)
rElec   .            m - scarf {rC+ rF+}
rCorr   .            d - +0 pair of gloves
SInv    .            (no boots)
Will    .....        (no amulet)
Stlth   +            b - ring of positive energy
HPRegen 0.28/turn    (no ring)
MPRegen 0.10/turn

%: no passive effects
@: lit by a corona, glowing
A: horns 2, retaliatory headbutt
a: Renounce Religion


You were on level 3 of the Dungeon.
You worshipped Okawaru.
Okawaru was noncommittal.
You visited 2 branches of the dungeon, and saw 5 of its levels.

You collected 176 gold pieces.
You spent 20 gold pieces at shops.


Innate Abilities, Weirdness & Mutations

You have a pair of horns on your head.
You reflexively headbutt those who attack you in melee.


   Skills:
 + Level 3.3 Fighting
 - Level 6.2 Ranged Weapons
 - Level 1.3 Armour
 - Level 2.1 Dodging
 - Level 1.0 Spellcasting
 - Level 2.0 Hexes


You had 6 spell levels left.
You knew the following spells:

 Your Spells              Type           Power      Damage    Failure   Level
a - Slow                  Hex            16%        N/A       32%         1

Your spell library contained the following spells:

 Spells                   Type           Power      Damage    Failure   Level
 Inner Flame              Hex/Fire       2%         N/A       82%         3
 Portal Projectile        Hex/Tloc       4%         N/A       82%         3
 Cause Fear               Hex            2%         N/A       97%         4

Inventory:

Hand Weapons
 Y - a +1 sling (weapon)
Armour
 d - a +0 pair of gloves (worn)
 e - a +0 ring mail (worn)
 m - a scarf of resistance (worn)
Jewellery
 b - a ring of positive energy (left hand)
Potions
 c - a potion of enlightenment
 f - a potion of curing
 g - a potion of degeneration {unknown}
 h - a potion of haste
 j - a potion of resistance {unknown}
 l - a potion of mutation {unknown}

Dungeon Overview and Level Annotations

Branches:
Dungeon (4/15)             Temple (1/1) D:4

Altars:
Ashenzari
Dithmenos
Elyvilon
Gozag
Nemelex Xobeh
Okawaru
Qazlal
Ru
Sif Muna
Trog
Uskayaw
Vehumet
Wu Jian
Xom
Zin
The Shining One

Shops:
D:3 *

Annotations:
D:3 Dowan, Duvessa
D:4 Sigmund


Message History

You furiously retaliate!
You headbutt Duvessa.
Dowan hisses, "Insulting my beauty only makes me fight harder!"
There is a stone staircase leading up, spattered with blood here.
You shoot a sling bullet. The sling bullet barely misses Duvessa.
Duvessa hits you with a +0 short sword.
3480 ||| STAIRDANCE Duvessa gestures with her weapon.
Duvessa hits you with a +0 short sword! Dowan barely misses you.
You furiously retaliate!
You headbutt Dowan!
You climb upwards.
There is a stone staircase leading down here.
You shoot a sling bullet. The sling bullet closely misses Dowan.
Duvessa hits you with a +0 short sword! Dowan hits you but does no damage.
You shoot a sling bullet. The sling bullet barely misses Dowan.
Duvessa hits you with a +0 short sword. Dowan hits you but does no damage.
You shoot a sling bullet. The sling bullet hits Dowan.
Dowan is severely wounded.
Duvessa completely misses you. You furiously retaliate!
You headbutt Duvessa! Dowan casts a spell at you.
You are outlined in light.
Duvessa hits you but does no damage.
You shoot a sling bullet. The sling bullet hits Dowan.
Dowan is severely wounded.
Dowan hits you with a +0 dagger. Duvessa hits you with a +0 short sword.
Dowan hits you with a +0 dagger.
You shoot a sling bullet. The sling bullet barely misses Dowan.
Duvessa hits you with a +0 short sword. Dowan gestures at you while chanting.
The puff of frost hits you. You resist.
You shoot a sling bullet. The sling bullet hits Dowan.
Dowan is almost dead.
Duvessa hits you with a +0 short sword. Dowan hits you with a +0 dagger.
You shoot a sling bullet.
The sling bullet hits Dowan but does no damage.
Dowan is almost dead.
Duvessa hits you with a +0 short sword. Dowan hits you but does no damage.
You shoot a sling bullet. The sling bullet barely misses Dowan.
Duvessa hits you with a +0 short sword. Dowan hits you with a +0 dagger.
Duvessa gestures with her weapon.
Duvessa hits you with a +0 short sword!
You die...

# # # ############## #
#............. #
#.############ # #.# # #.#
################## #.#
....)...........@###.#
###########.....ee...# #
#..........# # #..........# #
#..........#########
################.###.#.......#
..................##.#.#####.#
################..#<.......#.#
...#.................#.###.#.#


You could see Duvessa and Dowan.

Vanquished Creatures
  A centaur (D:4)
  Natasha (thrice) (D:4)
  An orc wizard (D:3)
  2 adders
  A worm (D:3)
  A dart slug (D:3)
  11 orcs
  8 endoplasms
  2 giant cockroaches (D:1)
  5 goblins
  3 hobgoblins
  4 jackals (D:1)
  9 kobolds
  7 quokkas
  5 ball pythons
  10 bats
  3 frilled lizards
  4 rats
80 creatures vanquished.

Notes
Turn   | Place    | Note
-------+----------+-------------------------------------------
     0 | D:1      | qw the Minotaur Hexslinger began the quest for the Orb.
     0 | D:1      | Reached XP level 1. HP: 16/16 MP: 1/1
     0 | D:1      | 0 ||| qw: Version: 0.3-a-51-g015441d
     0 | D:1      | 0 ||| qw: Game counter: 4165
     0 | D:1      | 0 ||| qw: Melee chars always use a shield: true
     0 | D:1      | 0 ||| qw: God list: Okawaru
     0 | D:1      | 0 ||| qw: Allow faded altars: false
     0 | D:1      | 0 ||| qw: Do Orc after clearing Dungeon:15 true
     0 | D:1      | 0 ||| qw: Do second Lair branch before Depths: true
     0 | D:1      | 0 ||| qw: Lair rune preference: random
     0 | D:1      | 0 ||| qw: Goals: Normal
     0 | D:1      | 0 ||| PLANNING D:1-11
   100 | D:1      | Reached skill level 3 in Ranged Weapons
   101 | D:1      | Reached XP level 2. HP: 23/23 MP: 2/2
   399 | D:1      | Reached XP level 3. HP: 29/29 MP: 3/3
   529 | D:1      | 529 ||| UPGRADING to +0 pair of gloves.
   534 | D:1      | 534 ||| UPGRADING to +0 ring mail.
   544 | D:1      | 544 ||| DROPPING +0 robe.
   545 | D:1      | 545 ||| READING scroll labelled QIHIMN YTWUA.
   546 | D:1      | 546 ||| READING scroll labelled TOT KAMEMNAZOA.
   547 | D:1      | 547 ||| READING scroll labelled ESKASO GEPA.
   550 | D:1      | 550 ||| DROPPING scroll of poison.
   731 | D:2      | Reached skill level 4 in Ranged Weapons
  1048 | D:2      | Reached skill level 1 in Armour
  1175 | D:2      | 1175 ||| UPGRADING to scarf of resistance.
  1180 | D:2      | 1180 ||| UPGRADING to ring of positive energy.
  1181 | D:2      | 1181 ||| READING scroll labelled DIHUHO ROQEEGA.
  1182 | D:2      | 1182 ||| READING scroll labelled QEOKIBUTIM.
  1183 | D:2      | 1183 ||| READING scroll labelled VUHOSU YCLUH.
  1184 | D:2      | 1184 ||| DRINKING 2 fuming dark potions.
  1220 | D:2      | 1220 ||| DROPPING potion of lignification.
  1298 | D:3      | Found Qeneim's Assorted Antiques.
  1415 | D:3      | Reached XP level 4. HP: 36/36 MP: 4/4
  1941 | D:3      | 1941 ||| BUYING orange potion (20 gold).
  1941 | D:3      | Bought an orange potion for 20 gold pieces
  1941 | D:3      | 1941 ||| SHOPLISTING runed ring mail (161 gold, have 111).
  2079 | D:3      | 2079 ||| DRINKING 2 orange potions.
  2080 | D:3      | 2080 ||| DRINKING 2 dark potions.
  2129 | D:4      | Found a staircase to the Ecumenical Temple.
  2130 | D:4      | 2130 ||| PLANNING TEMPLE
  2130 | D:4      | 2130 ||| STAIRDANCE
  2134 | D:4      | 2134 ||| STAIRDANCE
  2143 | Temple   | Entered the Ecumenical Temple
  2203 | Temple   | 2203 ||| PLANNING OKAWARU WORSHIP
  2272 | Temple   | Became a worshipper of Warmaster Okawaru
  2273 | Temple   | 2273 ||| PLANNING D:1-11
  2297 | D:4      | Noticed Natasha
  2305 | D:4      | Killed Natasha
  2306 | D:4      | Reached skill level 5 in Ranged Weapons
  2306 | D:4      | Reached XP level 5. HP: 28/41 MP: 5/5
  2323 | D:4      | Noticed Natasha
  2330 | D:4      | Killed Natasha
  2332 | D:4      | Noticed Natasha
  2333 | D:4      | 2333 ||| FLEEEEING.
  2334 | D:4      | 2334 ||| FLEEEEING.
  2335 | D:4      | 2335 ||| FLEEEEING.
  2338 | D:4      | 2338 ||| STAIRDANCE
  2377 | D:4      | Killed Natasha
  2378 | D:4      | Reached skill level 3 in Fighting
  2575 | D:4      | Noticed a centaur
  2585 | D:4      | Killed a centaur
  2586 | D:4      | Reached skill level 6 in Ranged Weapons
  2586 | D:4      | Reached XP level 6. HP: 21/51 MP: 6/6
  2586 | D:4      | Noticed Duvessa
  2591 | D:4      | Noticed Dowan
  2592 | D:4      | HP: 11/51 [Duvessa/+0 short sword (3)]
  2593 | D:4      | 2593 ||| READING 3 scrolls of teleportation.
  2594 | D:4      | 2594 ||| DRINKING potion of heal wounds.
  2639 | D:4      | HP: 9/51 [Duvessa/+0 short sword (5)]
  2640 | D:4      | 2640 ||| READING 2 scrolls of teleportation.
  2643 | D:4      | 2643 ||| READING scroll of teleportation.
  2656 | D:4      | 2656 ||| FLEEEEING.
  2658 | D:4      | Noticed Sigmund
  2658 | D:4      | HP: 10/51 [Sigmund/magic dart (4)]
  2659 | D:4      | 2659 ||| FLEEEEING.
  2660 | D:4      | 2660 ||| FLEEEEING.
  2661 | D:4      | 2661 ||| FLEEEEING.
  2662 | D:4      | 2662 ||| STAIRDANCE
  2804 | D:3      | 2804 ||| READING scroll labelled JYMIGH JUAWUCU.
  2805 | D:3      | 2805 ||| DRINKING 3 coppery potions.
  2806 | D:3      | 2806 ||| DRINKING 2 black potions.
  2810 | D:4      | 2810 ||| STAIRDANCE
  2812 | D:4      | 2812 ||| STAIRDANCE
  2814 | D:3      | 2814 ||| DRINKING 2 potions of curing.
  2814 | D:3      | 2814 ||| (to cure confusion)
  2823 | D:4      | 2823 ||| STAIRDANCE
  2952 | D:4      | HP: 11/51 [Dowan/+0 dagger (2)]
  2957 | D:4      | 2957 ||| STAIRDANCE
  2957 | D:4      | HP: 5/51 [Dowan/puff of flame (2)]
  3126 | D:4      | 3126 ||| STAIRDANCE
  3162 | D:4      | 3162 ||| STAIRDANCE
  3193 | D:4      | 3193 ||| STAIRDANCE
  3222 | D:4      | 3222 ||| STAIRDANCE
  3294 | D:4      | 3294 ||| STAIRDANCE
  3316 | D:4      | 3316 ||| STAIRDANCE
  3377 | D:4      | 3377 ||| STAIRDANCE
  3409 | D:4      | 3409 ||| STAIRDANCE
  3480 | D:4      | 3480 ||| STAIRDANCE
  3488 | D:3      | HP: 11/51 [Duvessa/+0 short sword (3)]
  3489 | D:3      | Slain by Duvessa

Levels and vault maps discovered:
D:1:      amcnicky_arrival_double_pillar, layout_rooms
D:2:      layout_loops_ring, nicolae_elevator_lobby_asterisk
D:3:      layout_basic, serial_shops, nicolae_shop_tiny_waterfront
D:4:      layout_rooms, temple_fountains, uniq_crazy_yiuf_cottage, uniq_pikel,
          uniq_duvessa, uniq_natasha, uniq_sigmund, uniq_ijyb
Temple:   kb_temple_of_zot

Skill      XL: |  1  2  3  4  5 |
---------------+----------------+-----
Ranged Weapons | 3 4 5 6 |  6.2
Fighting       | 2 3 |  3.3
Armour         | 1 |  1.3
Dodging        | |  2.1
Spellcasting   | |  1.0
Hexes          | |  2.0

Action                     |  1- 3 |  4- 6 || total
---------------------------+-------+-------++-------
  Melee: Unarmed           |       |     9 ||     9
   Fire: Sling             |   123 |   182 ||   305
    Use: Scroll            |     6 |     4 ||    10
         Potion            |     1 |     6 ||     7
   Stab: Confused          |       |     1 ||     1
 Armour: Robe              |    10 |       ||    10
         Ring mail         |     4 |    53 ||    57
         Skin              |       |     3 ||     3
  Dodge: Dodged            |    27 |   108 ||   135

Table legend:
 A = Non-vault XP
 B = Vault XP
 C = Vault XP percentage of total XP
 D = Non-vault monster count
 E = Vault monster count
 F = Vault count percentage of total count
                 A         B        C        D         E       F
            +---------+---------+-------+---------+---------+-------
      Total |     383 |      35 |   8.4 |      79 |       1 |   1.2
            +---------+---------+-------+---------+---------+-------
        D:1 |      56 |       0 |   0.0 |      33 |       0 |   0.0
        D:2 |      25 |       0 |   0.0 |       8 |       0 |   0.0
        D:3 |      80 |       0 |   0.0 |      23 |       0 |   0.0
        D:4 |     222 |      35 |  13.6 |      15 |       1 |   6.2
            +---------+---------+-------+---------+---------+-------
